[Event "16th Serbian Championship 2022"]
[Site "Bajina Basta"]
[Date "2022.12.11"]
[Round "6.1"]
[White "Martic, Ivan"]
[Black "Radovanovic, Nikola"]
[Result "1/2-1/2"]
[ECO "A36"]
[WhiteElo "2270"]
[BlackElo "2414"]
[Annotator "TA"]
[PlyCount "81"]
[EventDate "2022.12.06"]
[EventType "tourn"]
[EventCountry "SRB"]
[SourceTitle "playchess.com"]
[Source "ChessBase"]
[SourceQuality "1"]
[TimeControl "40/5400+30:1800+30"]

1. c4 Nf6 2. Nc3 g6 3. g3 Bg7 4. Bg2 O-O 5. e4 d6 6. d3 c5 7. Nge2 Nc6 8. O-O a6 9. a4 Rb8 10. h3 Ne8 11. Be3 Bd7 12. d4 {[%emt 0:01:01] A36: Symmetrical English vs ...g6: 4 Bg2 Bg7.} b6 13. f4 Nc7 {[%emt 0:02:37] [#]} (13... Qc8 $5 ) 14. f5 $146 {[%emt 0:00:18] White is slightly better.} ({Predecessor:} 14. b3 e5 15. dxe5 dxe5 16. Nd5 Nxd5 17. cxd5 Nd4 18. Rc1 a5 19. Nxd4 cxd4 20. Bd2 {0-1 (50) Sadikhov,U (2490)-Radovanovic,N (2395) Veliko Gradiste 2021}) 14... cxd4 15. Nxd4 Ne5 16. Qe2 Qe8 17. b4 Qc8 18. b5 Re8 (18... e6 $14) 19. Rac1 $16 Qd8 20. g4 e6 21. g5 (21. fxg6 $16 fxg6 22. Nf3) 21... Rc8 ({Better is} 21... axb5 $14 22. axb5 (22. cxb5 exf5 23. exf5 d5 $14) 22... exf5) 22. f6 $1 Bf8 23. Nd1 {[%emt 0:10:02] White has more active pieces. The black rooks are badly placed.} (23. Rfe1 $16) 23... d5 $1 $11 24. cxd5 (24. Nb2 {looks sharper.} axb5 25. cxb5 dxe4 26. Bf2) 24... exd5 25. exd5 axb5 26. axb5 {[%emt 0:12:05] [#]} Bc5 $2 (26... Nxd5 $1 $15 27. Bxd5 Rxc1 28. Bxc1 Bxh3) 27. Nc6 $1 $16 Nxc6 (27... Bxc6 $16 28. dxc6 Bd4) 28. dxc6 (28. bxc6 $18 Bf5 29. Rxc5 bxc5 30. Qc4) 28... Bf5 $14 29. Rxf5 gxf5 $19 30. Rxc5 bxc5 31. b6 Nd5 (31... f4 $142 32. bxc7 Qd6) 32. b7 (32. c7 $142 Qd7 33. Bxd5 Qxd5 34. Qh5) 32... Rxc6 33. b8=Q Qxb8 34. Bxd5 Qg3+ $2 (34... Rd6 $1 $19 35. Qg2 Rxd5 $1 36. Qxd5 Rd8) 35. Kf1 $1 $11 Rce6 $2 {[%emt 0:00:30] [#]} 36. Bxe6 $2 {[%emt 0:00:19] Dancing on a razor blade. This pair of bishops is nice.} (36. Qh5 $1 $18 Qd6 37. Nf2 (37. Bxe6 Rxe6 38. Kg2 c4 $14) (37. Qh6 Qf8 $16)) 36... Qxh3+ {[%emt 0:03:19] The position is equal.} 37. Qg2 Qxg2+ 38. Kxg2 Rxe6 39. Kf3 h6 40. Kf4 c4 {[%emt 0:03:15] And now ...Rd6 would win.} 41. gxh6 {[%emt 0:02:51] Never resign too early!   Weighted Error Value: White=0.41/Black=0.41} (41. Kxf5 $2 {too greedy.} c3 42. Bf4 c2 $19) 1/2-1/2

[Event "16th Serbian Championship 2022"]
[Site "Bajina Basta"]
[Date "2022.12.11"]
[Round "6.2"]
[White "Kovacevic, Aleksandar"]
[Black "Indjic, Aleksandar"]
[Result "1/2-1/2"]
[ECO "C54"]
[WhiteElo "2470"]
[BlackElo "2631"]
[Annotator "TA"]
[PlyCount "69"]
[EventDate "2022.12.06"]
[EventType "tourn"]
[EventCountry "SRB"]
[SourceTitle "playchess.com"]
[Source "ChessBase"]
[SourceQuality "1"]
[TimeControl "40/5400+30:1800+30"]

1. e4 e5 2. Nf3 Nc6 3. Bc4 Nf6 4. d3 Bc5 5. c3 h6 6. b4 Be7 {[%emt 0:00:18] C54: Giuoco Piano: 4 c3 Nf6, main lines with 5 d4 and 5 d3.} 7. O-O {[%emt 0:01:25] Nowadays more popular than 7.b5.} d6 8. Bb2 O-O 9. Nbd2 {[%emt 0:00:47] [#]} a5 $146 ({Predecessor:} 9... Bg4 10. h3 Bh5 11. Qc2 a6 12. a4 Rb8 13. Rfe1 b5 14. axb5 axb5 15. Bd5 Qd7 {1-0 (26) Huo,D (1320)-Wusterack,P (990) Magdeburg 2015}) 10. b5 Nb8 11. d4 Nbd7 12. Bb3 Re8 13. a4 Bf8 14. Re1 c6 15. bxc6 (15. h3 $14) 15... bxc6 $11 16. Ba3 Qc7 17. Qc2 Ba6 18. Bc4 Bxc4 19. Nxc4 exd4 20. cxd4 Rxe4 21. Rxe4 Nxe4 22. Qxe4 {[%emt 0:00:55] [#] And now Qc2 would win.} d5 23. Qc2 dxc4 24. Bxf8 Rxf8 25. Qxc4 Rb8 26. g3 Rb4 27. Qc2 Qb7 28. Re1 {[%emt 0:07:14] [#] Inhibits c5. Threatens to win with Re8+.} Nf6 {[%emt 0:01:10] Inhibits Re8+.} 29. Ne5 Rxd4 30. Nxc6 ({Of course not} 30. Qxc6 Qxc6 31. Nxc6 Rxa4 $17) 30... Rd6 31. Nxa5 Qb4 32. Re5 Qd4 $1 33. Re1 {[%emt 0:02:57] Prevents Qa1.} (33. Rb5 $5 Qd1+ 34. Qxd1 Rxd1+ 35. Kg2 $16) 33... Qb4 34. Re5 ({White should try} 34. Qc8+ $11 Kh7 35. Qc2+ g6 36. Re7 Qxa5 37. Rxf7+ Kh8 38. Qxg6 Qe1+ 39. Kg2 Qe4+ 40. Qxe4 Nxe4 41. Re7) 34... Qd4 $1 $14 35. Re1 {[%emt 0:02:21] Weighted Error Value: White=0.07 (flawless) /Black=0.04 (flawless)} ({Better is} 35. Rc5 $14) 1/2-1/2

[Event "16th Serbian Championship 2022"]
[Site "Bajina Basta"]
[Date "2022.12.11"]
[Round "6.3"]
[White "Djordjevic, Vuk"]
[Black "Ivanisevic, Ivan"]
[Result "0-1"]
[ECO "B20"]
[WhiteElo "2394"]
[BlackElo "2533"]
[Annotator "TA"]
[PlyCount "38"]
[EventDate "2022.12.06"]
[EventType "tourn"]
[EventCountry "SRB"]
[SourceTitle "playchess.com"]
[Source "ChessBase"]
[SourceQuality "1"]
[TimeControl "40/5400+30:1800+30"]

1. e4 c5 2. g3 Nc6 3. Bg2 Nf6 4. f4 d5 {[%emt 0:02:03] [#]} 5. exd5 $146 ({Predecessor:} 5. e5 Bg4 6. Nf3 Nd7 7. h3 Bxf3 8. Bxf3 e6 9. d3 Nd4 10. Bg2 Nf5 11. Qf3 Be7 {0-1 (29) Suarez Gomez,P (1740)-Sanroman Costas,M (1869) Padron 2022}) 5... Nxd5 (5... Bg4 {keeps more tension.} 6. Nf3 Qxd5 7. Nc3 Qe6+) 6. Ne2 {[%emt 0:02:17] B20: Sicilian: Unusual White 2nd moves.} Bf5 7. d3 e6 8. Nbc3 {[%emt 0:12:26] Against c4. Black has an edge.} c4 9. Nxd5 (9. dxc4 {seems wilder.} Nxc3 10. Nxc3 Qb6 11. Na4) 9... exd5 10. O-O cxd3 11. cxd3 Bc5+ 12. Kh1 (12. d4 $11 {was preferrable.} Bb6 13. Be3) 12... O-O $15 13. a3 (13. Nc3 $15) 13... Re8 $17 {[%emt 0:03:44] Black is more active.} 14. Nc3 {[%emt 0:00:48] [#]} Qd7 $1 15. Bxd5 $2 {[%emt 0:03:23] This costs White the game.} (15. Bd2 $17) 15... Rad8 16. Be4 $2 {[%emt 0:02:17] [#]} (16. Bg2 Bxd3 17. Rf3) 16... Rxe4 $1 $19 17. dxe4 (17. Nxe4 Bxe4+) 17... Qxd1 {[%emt 0:01:21][%mdl 64] Deflection} 18. Rxd1 Rxd1+ 19. Nxd1 Bxe4# {[%emt 0:00:06] Weighted Error Value: White=1.49/Black=0.16 (very precise)} 0-1

[Event "16th Serbian Championship 2022"]
[Site "Bajina Basta"]
[Date "2022.12.11"]
[Round "6.4"]
[White "Ivic, Velimir"]
[Black "Perunovic, Miodrag"]
[Result "1-0"]
[ECO "C60"]
[WhiteElo "2560"]
[BlackElo "2417"]
[Annotator "TA"]
[PlyCount "129"]
[EventDate "2022.12.06"]
[EventType "tourn"]
[EventCountry "SRB"]
[SourceTitle "playchess.com"]
[Source "ChessBase"]
[SourceQuality "1"]
[TimeControl "40/5400+30:1800+30"]

1. e4 e5 2. Nf3 Nc6 3. Bb5 Nge7 4. Nc3 Ng6 5. d4 Nxd4 6. Nxd4 {[%emt 0:00:00] C60: Ruy Lopez: Unusual Black 3rd moves and 3...g6.} exd4 7. Qxd4 c6 8. Be2 {[%emt 0:00:00][%cal Oh2h4] White has an edge.} Qb6 {[%emt 0:00:00] Prevents h4.} 9. Qd3 Be7 10. O-O O-O 11. a4 d6 12. a5 Qc7 13. Be3 Bd7 14. f4 Rfe8 15. g3 b5 {[%emt 0:00:00] [#]} 16. axb6 $146 ({Predecessor:} 16. Bf3 Rab8 17. Ne2 b4 18. Rfd1 c5 19. e5 Bb5 20. exd6 Bxd6 21. Qxd6 Qxd6 22. Rxd6 Rxe3 {½-½ (43) Ganguly,S (2608)-Pechac,J (2594) Chennai 2022}) 16... axb6 17. Bf3 b5 18. Rxa8 Rxa8 19. Rd1 b4 20. Ne2 Ra2 21. b3 Bc8 22. Nd4 Ba6 (22... Bf8 $11) 23. Qd2 ({Better is} 23. c4) 23... c5 (23... h6 $16) 24. Nf5 $18 {[%emt 0:00:00] [#] Hoping for e5.} Bf8 25. Nxd6 c4 26. bxc4 Bxc4 27. Qxb4 Rxc2 28. Qb6 {[%emt 0:03:27] Inhibits Qc6.} Qxb6 29. Bxb6 Be2 30. Bxe2 Rxe2 31. e5 f6 32. exf6 gxf6 33. Bf2 Re6 34. Nf5 Ra6 35. Rd7 Ra5 36. Nd4 {[%emt 0:01:25] White is much more active.} Ra1+ 37. Kg2 Rd1 38. Rc7 Rd2 39. Kf3 Ra2 40. Ne6 Be7 41. Bd4 {[%emt 0:05:47] f5 is the strong threat.} Ra5 {[%emt 0:03:53] Inhibits f5.} 42. Bc3 Rb5 43. Ke4 {[%emt 0:02:14] aiming for f5.} f5+ 44. Kd3 Rb6 45. Nd4 Rf6 46. Kc4 Bf8 47. Rb7 Ne7 (47... h5 $142 48. Rb5 Ne7) 48. Bb4 Ng6 49. Rb8 Kf7 50. Rb7+ (50. Ba5 $142) 50... Kg8 $1 51. Bxf8 Rxf8 {[%emt 0:02:45][%mdl 4096] Endgame KRN-KRN} 52. Rd7 Rf6 53. Kd5 Nf8 54. Ra7 Ng6 55. Ne6 h6 56. h4 {[%emt 0:01:52] h5 would kill now.} h5 57. Ng7 Nf8 58. Ke5 Rb6 (58... Rh6 $142 59. Nxf5 (59. Kxf5 Rh7 $11) 59... Re6+ 60. Kd5 Re1 61. Rg7+ Kh8) 59. Nxh5 Rb5+ 60. Kf6 Nh7+ 61. Kg6 {[%emt 0:00:29] White threatens Nf6+ and mate.} Nf8+ {[%emt 0:00:22] [#]} 62. Kh6 $1 Rb6+ 63. Kg5 {[%emt 0:00:04] Threatening mate with Nf6+.} Rb5 64. Nf6+ Kh8 65. Rf7 {[%emt 0:00:16] Weighted Error Value: White=0.18 (very precise) /Black=0.35} 1-0

[Event "16th Serbian Championship 2022"]
[Site "Bajina Basta"]
[Date "2022.12.11"]
[Round "6.5"]
[White "Perunovic, Milos"]
[Black "Bogosavljevic, Boban"]
[Result "1/2-1/2"]
[ECO "B37"]
[WhiteElo "2541"]
[BlackElo "2521"]
[Annotator "TA"]
[PlyCount "92"]
[EventDate "2022.12.06"]
[EventType "tourn"]
[EventCountry "SRB"]
[SourceTitle "playchess.com"]
[Source "ChessBase"]
[SourceQuality "1"]
[TimeControl "40/5400+30:1800+30"]

1. e4 c5 2. Nf3 g6 3. d4 cxd4 4. Nxd4 Bg7 5. c4 Nc6 6. Nc2 Nf6 7. Nc3 d6 8. Be2 O-O 9. O-O Nd7 10. Bd2 Nc5 11. b4 {[%emt 0:00:28] 11.b4 scores better than 11.f3.} Bxc3 {[%emt 0:00:12] B37: Sicilian: Maroczy Bind with 5...Bg7, sidelines.} 12. Bxc3 Nxe4 13. Bb2 e5 {[%emt 0:00:17] 13...Be6 is vanishing.} 14. Qe1 {[%emt 0:14:25] has lost popularity (14.b5).} Be6 15. Rd1 Qb6 {[%emt 0:27:02] Prevents c5.} 16. Kh1 {[%emt 0:11:56] [#]} a5 $146 ({Predecessor:} 16... Rad8 17. f3 Nc5 18. Ba1 Na4 19. f4 f6 20. Bd3 a5 21. a3 axb4 22. axb4 Rd7 {0-1 (34) Krause,B (2456)-Van Kerkhof,D (2334) Karlsruhe 2018}) 17. b5 Nb4 $36 {[%emt 0:04:42][%mdl 2048] Inhibits f3. White is under pressure.} 18. Ne3 f5 19. c5 {[%emt 0:10:03] Inhibits f4.} (19. a3 $1 $11 Na6 20. f3 Qxe3 21. bxa6) 19... Qxc5 $17 ({Much weaker is} 19... Nxc5 $6 20. Nc4 Qc7 21. Rxd6 $11) 20. Rc1 Qb6 21. a3 Nd5 (21... Na2 $142 22. Rc2 Bb3) 22. Bc4 Nc7 23. f3 {[%emt 0:02:36] Prevents a4.} Nf6 24. f4 Rae8 25. fxe5 dxe5 {[%emt 0:00:33] Hoping for ...f4.} 26. Bxe5 ({White should try} 26. Bd3) 26... Bxc4 ({And not} 26... Nxb5 27. Qh4 Bxc4 28. Nxc4 $15) 27. Nxc4 Qxb5 28. Qc3 {[%emt 0:03:29] Inhibits a4.} Ncd5 29. Qd4 Re6 30. h3 Ne4 31. a4 Qc5 ({Don't do} 31... Qxa4 32. Qxd5 Qc6 33. Qxa5 $18) 32. Qb2 $2 (32. Rfd1 $17 Qxd4 33. Rxd4) 32... Nb4 $19 33. Rf3 {[%emt 0:00:30] [#] Prevents Nd3.} (33. Qb3 {was the only chance.} b5 34. axb5) 33... Qe7 $2 (33... Nd3 $1 34. Bd4 Qxc4 35. Rxc4 Nxb2) 34. Bd4 Rd8 (34... Nc6 $19 {White must now prevent ...Nxd4.} 35. Bb6 f4) 35. Nxa5 $17 b6 36. Nc4 Rc6 37. Rb3 {[%emt 0:00:37] [#]} Nd5 {[%emt 0:00:31] Pair of Knights!} (37... Na2 $1 $17 38. Rd1 (38. Rc2 Nac3) 38... Rxc4 39. Qxa2 Rdxd4 40. Rxd4 Rc1+ 41. Kh2 Qc7+ 42. Rg3+ Kg7 43. Rxe4 fxe4 44. Qb2+ Kg8 45. Qa2+ Kg7 46. Qb2+ Kg8 47. Qa2+ Kg7) 38. Nxb6 $11 {[%emt 0:00:16] The position is equal.} Rxc1+ 39. Qxc1 {[%emt 0:00:03] Strongly threatening Nxd5.} Nxb6 (39... Qe6 {is interesting.} 40. Bg1 Nf4 41. Qc7 Qd6) 40. Bxb6 Qe6 $1 41. Bxd8 Qxb3 {[%emt 0:00:06] KQB-KQN} 42. a5 {[%emt 0:02:00] aiming for Bb6.} Ng3+ 43. Kh2 Ne2 $1 44. Qc5 (44. Qc7 $5 Qe3 $8 45. Qb6 Qg3+ 46. Kh1 Qe1+ 47. Kh2 Qg3+ 48. Kh1 Qe1+ 49. Kh2 Qg3+ $11) 44... Qg3+ 45. Kh1 {[%emt 0:00:06] Threatens to win with Qc4+.} Qe1+ 46. Kh2 {[%emt 0:00:05] Bc7 is the strong threat.} Qg3+ {[%emt 0:00:02] Whites escaped into a draw.   Weighted Error Value: White=0.27 (precise) /Black=0.25 (precise)} 1/2-1/2

[Event "16th Serbian Championship 2022"]
[Site "Bajina Basta"]
[Date "2022.12.12"]
[Round "7.1"]
[White "Bogosavljevic, Boban"]
[Black "Martic, Ivan"]
[Result "1-0"]
[ECO "E62"]
[WhiteElo "2521"]
[BlackElo "2270"]
[Annotator "TA"]
[PlyCount "73"]
[EventDate "2022.12.06"]
[EventType "tourn"]
[EventCountry "SRB"]
[SourceTitle "playchess.com"]
[Source "ChessBase"]
[SourceQuality "1"]
[TimeControl "40/5400+30:1800+30"]

1. Nf3 Nf6 2. c4 g6 3. g3 Bg7 4. Bg2 O-O 5. O-O d6 6. d4 Nc6 7. Nc3 Rb8 8. Bf4 {[%emt 0:03:24] Recently 8.b3 got a lot of attention. E62: King's Indian: Fianchetto: 6...c6 and Panno Variation (6...Nc6) without ...a6.} a6 9. c5 b5 (9... dxc5 $11 {might be stronger.} 10. dxc5 Nd7) 10. Rc1 {[%emt 0:05:06] [#]} (10. cxb6 $14 Rxb6 11. Rc1) 10... dxc5 $146 ({Predecessor:} 10... b4 11. Na4 Na5 12. d5 Bd7 13. c6 Bc8 14. b3 e6 15. dxe6 fxe6 16. Bg5 h6 {0-1 (43) Kjartansson,G (2467)-Runic,Z (2348) Chess.com INT 2020}) 11. dxc5 {[%emt 0:06:43] Qxd8 is the strong threat.} b4 12. Qxd8 Rxd8 13. Bxc7 {[%emt 0:01:23][%cal Of3e5] Black must now prevent Ne5!} bxc3 14. bxc3 {[%emt 0:00:25][%cal Of3e5] [#] Threatens to win with Ne5!} Bd7 $1 15. Nd4 (15. Bxb8 Nxb8) 15... Rbc8 $1 (15... Nxd4 16. cxd4 Bb5 17. Rb1 $16) 16. Nxc6 $2 (16. Bxd8 $15 Nxd8 17. Rb1) 16... Bxc6 $2 (16... Re8 $19 17. Nb4 Rxc7) 17. Bxd8 Bxg2 18. Kxg2 Rxd8 19. Rfd1 $36 {[%emt 0:03:04][%mdl 2048] White is pushing.} Rc8 20. Rb1 (20. Rd4 $5 ) 20... h5 {[%emt 0:01:32][%mdl 1024] Black has compensation.} (20... Rxc5 $2 21. Rd8+ Bf8 22. Rbb8 $18) (20... Ne4 {looks sharper.} 21. c6 Be5 22. Rb6 a5) 21. Rb7 Ne4 {[%emt 0:12:11] Inhibits c6.} (21... Rxc5 22. Rd8+ Bf8 23. Rbb8 $16 (23. Rxe7 Rxc3 24. Ra7 Ra3 $11)) 22. Rdd7 {[%emt 0:02:25] With the idea Rdc7.} (22. c6 {with more complications.} Nd6 23. Rb6 a5 24. c4) 22... Rxc5 $2 {[%emt 0:02:03] White stays focused until the end.} (22... Bxc3 23. Rbc7 Re8 24. f3 $16 (24. Rxe7 Rxe7 25. Rxe7 Nxc5 $11)) (22... Be5 $11 {and Black is okay.} 23. Rxe7 Nxc5) 23. Rd8+ $18 (23. Rxe7 $6 Nd6 $16) 23... Kh7 {[%emt 0:00:28] [#] Strongly threatening ...Bf6.} 24. Rxe7 Nf6 (24... Ng5 {is a better defense.}) 25. Rxf7 g5 26. Rd6 Kg6 27. Ra7 a5 28. Re6 {[%emt 0:02:18] Prevents a4.} Rxc3 (28... Rc4 {keeps fighting.} 29. Rxa5 g4) 29. e4 Rc2 30. e5 ({Less strong is} 30. Rxa5 Kf7 31. Ree5 Ng4 32. Rf5+ (32. Rxg5 Rxf2+ 33. Kg1 Bd4 $15) 32... Kg8 $18) 30... Kf5 31. exf6 ({Worse is} 31. Rxg7 Kxe6 32. exf6 Kxf6 $11) 31... Bxf6 {[%emt 0:00:17][%mdl 4096] Endgame KRR-KRB} 32. Re3 {[%emt 0:00:24] And now Rf3+ would win.} ({Stronger than} 32. Rxa5+ Kxe6 33. h4 g4 34. Rxh5 Rxa2 $17) 32... g4 {[%emt 0:00:30] Against Rf3+} 33. Rxa5+ Kg6 34. Re6 Kf7 35. Rb6 h4 36. Rf5 h3+ 37. Kf1 {[%emt 0:00:03] Weighted Error Value: White=0.20 (precise) /Black=0.75} 1-0

[Event "16th Serbian Championship 2022"]
[Site "Bajina Basta"]
[Date "2022.12.12"]
[Round "7.2"]
[White "Perunovic, Miodrag"]
[Black "Perunovic, Milos"]
[Result "1/2-1/2"]
[ECO "B45"]
[WhiteElo "2417"]
[BlackElo "2541"]
[Annotator "TA"]
[PlyCount "55"]
[EventDate "2022.12.06"]
[EventType "tourn"]
[EventCountry "SRB"]
[SourceTitle "playchess.com"]
[Source "ChessBase"]
[SourceQuality "1"]
[TimeControl "40/5400+30:1800+30"]

1. e4 c5 2. Nf3 e6 3. d4 cxd4 4. Nxd4 Nf6 5. Nc3 Nc6 6. a3 Be7 7. Nxc6 $1 {[%emt 0:00:53][%mdl 4] 7.Nxc6 is the recent fashion. B45: Sicilian Four Knights.} bxc6 8. e5 Nd5 9. Qg4 g6 ({Don't do} 9... Nxc3 10. Qxg7 Rf8 11. bxc3 $16) 10. Qg3 d6 11. Nxd5 exd5 12. Bh6 Be6 {[%emt 0:08:03] [#]} 13. exd6 $146 ({Predecessor:} 13. Bd3 Bh4 14. Qf4 dxe5 15. Qxe5 Qf6 16. Bf4 Qxe5+ 17. Bxe5 Rg8 18. Ba6 Bc8 19. Bd3 Be6 20. Ba6 Bc8 21. Bd3 {½-½ (21) Santos Latasa,J (2627)-Ragger,M (2665) Struga 2021}) 13... Bxd6 14. Qc3 Kd7 15. Be2 {[%emt 0:07:43] Against Bg4} Re8 {[%emt 0:11:23] White must now prevent ...Bg4.} 16. Be3 Qc7 (16... Bf5 {looks sharper.} 17. Rd1 Qh4 18. Rd4 Re4) 17. O-O-O Rab8 {[%emt 0:05:46] Threatens to win with ...c5.} 18. Bf3 {[%emt 0:12:12] The position is equal.} a5 (18... Bxh2 $2 19. g3 $18) (18... Bf5 {is interesting.} 19. g3 Rb5 20. a4 Rb4) 19. Rhe1 Rb5 {[%emt 0:05:32] [#] Strongly threatening ...Reb8.} (19... Bxh2 $2 20. g3 $18) 20. Be2 Rbb8 (20... Rb7 {feels hotter.} 21. Ba6 Rbb8 22. Bc5 Bxc5 23. Qxc5 Qb6) 21. Bf3 Rb7 {[%emt 0:04:15] aiming for ...Reb8.} (21... Bxh2 $2 22. g3 $18) 22. Bc5 Reb8 {[%emt 0:02:42] And now ...Rxb2 would win.} (22... Bxh2 $2 23. g3 $18) 23. Rxe6 {[%emt 0:07:15] Really sharp!} fxe6 24. Qg7+ Kd8 25. Qg8+ Kd7 26. Qxh7+ Kd8 27. Qg8+ (27. Qxg6 $2 {perishes.} Bxc5 28. Qg8+ Ke7 29. Qg5+ Kd7 30. Qg7+ Be7 $19) 27... Kd7 28. Qf7+ {[%emt 0:00:48] An even fight not without its subleties.   Weighted Error Value: White=0.02 (flawless) /Black=0.03 (flawless)} (28. Qxg6 $2 {loses.} Bxc5 29. Qf7+ Kd8 30. Qg8+ Ke7 31. Qg7+ Kd6 32. Qg3+ Kd7 33. Qxc7+ Kxc7 $19) 1/2-1/2

[Event "16th Serbian Championship 2022"]
[Site "Bajina Basta"]
[Date "2022.12.12"]
[Round "7.3"]
[White "Ivanisevic, Ivan"]
[Black "Ivic, Velimir"]
[Result "1-0"]
[ECO "D00"]
[WhiteElo "2533"]
[BlackElo "2560"]
[Annotator "TA"]
[PlyCount "139"]
[EventDate "2022.12.06"]
[EventType "tourn"]
[EventCountry "SRB"]
[SourceTitle "playchess.com"]
[Source "ChessBase"]
[SourceQuality "1"]
[TimeControl "40/5400+30:1800+30"]

1. d4 Nf6 2. Bg5 d5 3. Nd2 c5 4. dxc5 e6 5. Nb3 Nbd7 6. e4 {[%emt 0:00:21] D00: 1 d4 d5: Unusual lines.} dxe4 7. Ne2 h6 {[%emt 0:09:12] [#]} 8. Bh4 $146 {[%emt 0:00:20] The position is equal.} ({Predecessor:} 8. Bxf6 gxf6 9. Qd4 Nxc5 10. Qxd8+ Kxd8 11. O-O-O+ Nd7 12. Nf4 Kc7 13. g4 Ne5 14. h3 {0-1 (46) Jobava,B (2707)-Nepomniachtchi,I (2732) Leuven 2017}) 8... Be7 9. Nc3 O-O 10. Be2 e3 11. fxe3 Nxc5 12. Qd4 Qc7 13. O-O e5 14. Qd1 Rd8 15. Qe1 Nce4 $1 16. Nxe4 Nxe4 17. Bd3 Nd6 18. Qg3 (18. Bxe7 $15 Qxe7 19. Qg3) 18... g5 (18... Bxh4 $17 19. Qxh4 Qb6) 19. Qxe5 $11 f6 (19... gxh4 $11 {remains equal.} 20. Rxf7 (20. Bh7+ Kxh7 $11) 20... Kxf7 21. Rf1+ Kg8 22. Qd5+ Kh8 23. Qe5+ Kg8 24. Qd5+ Kh8 25. Qe5+ Kg8) 20. Qd5+ $16 Nf7 21. Bg3 $1 {[%emt 0:00:06] White is more active.} Bd6 $2 (21... Rxd5 $16 {was necessary.} 22. Bxc7 Rd7) 22. Bxd6 (22. Rxf6 Bxg3 23. Rg6+ Kf8 $16) (22. Qe4 $18 {is the precise move to win.} f5 23. Rxf5) 22... Rxd6 23. Qe4 Ne5 24. Nd4 Qe7 25. Bc4+ (25. c4 $18) 25... Kf8 26. Bb3 Ng4 (26... a5 $16 27. Nb5 Rd2) 27. Qg6 $18 (27. Qxe7+ $6 Kxe7 28. Nb5 Rc6) 27... Qg7 {[%emt 0:01:13] Inhibits Qg8+.} 28. Qxg7+ {[%emt 0:02:23] Really sharp!} (28. Qd3 $1 $18 {Hoping for h3.} Bd7 29. Ne6+ $1 Rxe6 30. Bxe6 Bxe6 31. h3) 28... Kxg7 $16 29. Nb5 Rc6 30. h3 Ne5 31. Rad1 {[%emt 0:00:25] And now Rd8 would win.} Bd7 32. Nd6 Rc7 33. Rd4 a5 34. a4 Rf8 35. Ne4 Rc6 36. Rf2 Bc8 37. Rfd2 Re8 38. Rd8 Rxd8 39. Rxd8 Bf5 40. Nc3 Nc4 $2 (40... Be6 $16) 41. e4 Be6 42. Nb5 {[%emt 0:00:00] Threatens to win with Nd4.} Nxb2 43. Nd4 Bxb3 44. Nxc6 (44. cxb3 Rc1+ 45. Kh2 Rd1 $16) 44... Bxc2 $18 {[%emt 0:00:45][%mdl 4096] Endgame KRN-KBN} 45. Rd7+ Kf8 46. Rxb7 (46. Nxa5 Bxe4 47. Rd4 (47. Nxb7 Nxa4 48. Kf2 Bb1 $16) 47... f5) 46... Nxa4 (46... Bxe4 {might work better.} 47. Rxb2 Bxc6) 47. e5 ({Resist} 47. Nxa5 Bxe4 48. Rb4 Nc3 $18) 47... Be4 48. Rc7 fxe5 49. Nxe5 ({Don't do} 49. Nxa5 Nb2 50. Nb3 Bf5 $18) 49... Nb6 {[%emt 0:08:32] Prevents Rc4.} 50. Ra7 Nd5 51. Nd7+ (51. Rxa5 Nf4 52. Nc4 Kg8 $18) 51... Ke8 52. Nc5 Bf5 53. Nb7 Be6 54. Nd6+ ({Don't play} 54. Nxa5 Nf4 55. Rh7 h5 $18) 54... Kf8 55. Rxa5 Ke7 56. Ne4 Nf4 57. Ra7+ Kf8 58. Nf6 Bf7 (58... Ng6 $142 59. Kf2 Bf5) 59. Kh2 Be6 60. Kg3 Bf7 61. h4 {[%emt 0:01:06] aiming for hxg5.} Ne6 (61... Ne2+ $142 62. Kf2 Nf4 63. hxg5 hxg5 64. Nh7+ Ke8 65. Nxg5 Bg6) 62. Ng4 h5 63. Ne5 gxh4+ 64. Kxh4 Be8 65. g3 (65. Nd7+ $142 Bxd7 66. Rxd7) 65... Nc5 66. Kg5 {[%emt 0:01:08] Black must now prevent Ng6+.} Ne4+ {[%emt 0:00:04] [#]} 67. Kf4 $1 Nc3 68. Kf5 Ne2 69. Ke6 Nxg3 70. Ra8 {[%emt 0:05:30] Weighted Error Value: White=0.13 (very precise) /Black=0.28 (precise)} 1-0